Map: Emerald City LE

Players

basejumper

  • Race: Terran Terran
  • Spawn Location: 5:00

batman

  • Race: Zerg Zerg
  • Spawn Location: 5:00

Massa

  • Race: Terran Terran
  • Spawn Location: 11:00

qqq

  • Race: Zerg Zerg
  • Spawn Location: 11:00

VOD

Have the link to the VOD?

Description

Time

  • Played on: June 10, 2020, 1:29 p.m.
  • Length: 11:58
Show
View Real Time Build Order
Export as new Build Order

basejumper Terran 

Build Orders:  

Get SALT Encoding   

  12  0:01  SCV  
  13  0:13  SCV  
  14  0:19  Supply Depot  
  14  0:25  SCV  
  15  0:40  Refinery, SCV  
  16  0:44  Barracks  
  16  0:57  SCV  
  17  1:09  SCV  
  18  1:21  SCV  
  19  1:33  SCV  
  19  1:39  Marine  
  21  1:44  Command Center  
  21  1:45  SCV  
  22  1:57  SCV  
  22  1:59  Supply Depot  
  23  2:13  Factory  
  23  2:18  Marine  
  23  2:21  Orbital Command  
  23  2:40  Refinery  
  23  2:41  Barracks  
  23  2:45  Supply Depot  
  23  2:50  SCV  
  24  3:03  Orbital Command  
  24  3:04  SCV  
  25  3:05  Barracks Reactor  
  25  3:07  Factory Tech Lab  
  25  3:16  SCV  
  25  3:19  Engineering Bay  
  26  3:28  SCV  
  26  3:31  SCV  
  26  3:34  Barracks Tech Lab  
  28  3:35  Siege Tank  
  31  3:41  Marine x2  
  31  3:44  SCV  
  31  3:47  Supply Depot  
  34  3:50  SCV  
  34  3:54  Marine, Combat Shield  
  36  3:56  SCV  
  37  4:03  SCV, Marine  
  37  4:04  Marine  
  37  4:08  SCV  
  41  4:11  Siege Tank  
  41  4:12  Marine  
  45  4:18  SCV  
  45  4:21  SCV, Marine  
  48  4:26  Supply Depot  
  48  4:30  SCV  
  49  4:33  SCV  
  49  4:34  Barracks  
  50  4:43  Marine x2  
  50  4:44  Marine  
  50  4:45  Siege Tank  
  49  4:50  SCV x2  
  49  5:01  Marine, Supply Depot  
  49  5:02  SCV  
  49  5:03  Barracks  
  51  5:07  Starport  
  51  5:08  SCV  
  52  5:14  SCV  
  52  5:17  Refinery  
  52  5:18  Marine  
  52  5:19  Refinery, Marine  
  52  5:20  SCV, Siege Tank  
  59  5:27  Marine  
  60  5:28  Barracks Tech Lab  
  60  5:31  Terran Infantry Weapons Level 1  
  60  5:36  SCV x2  
  60  5:37  Engineering Bay  
  62  5:48  SCV  
  62  5:49  SCV, Marine x4  
  67  5:50  Marine  
  69  5:59  Missile Turret  
  69  6:00  SCV, Missile Turret  
  70  6:07  Marine x3  
  70  6:08  Marauder  
  70  6:09  Marine  
  76  6:11  Terran Infantry Armor Level 1  
  76  6:14  Starport Reactor  
  76  6:17  Supply Depot  
  76  6:19  Missile Turret  
  76  6:25  Marine  
  77  6:29  Marine  
  78  6:38  Barracks Reactor, SCV x2, Marine x2, Siege Tank  
  85  6:41  Supply Depot  
  85  6:42  Marine  
  85  6:43  Supply Depot  
  86  6:52  Supply Depot x2  
  86  7:03  SCV, Marine x2  
  89  7:18  SCV x2  
  89  7:22  Marine x4, Command Center  
  94  7:26  Medivac  
  94  7:28  Medivac  
  99  7:30  SCV  
  99  7:32  Refinery, Missile Turret  
  99  7:33  Missile Turret  
  99  7:34  Refinery  
  99  7:36  Armory  
  100  7:38  Missile Turret  
  100  7:41  Stimpack  
  100  7:42  Concussive Shells  
  100  7:43  Marine x3  
  103  7:44  Marine  
  104  8:00  Medivac  
  104  8:01  Medivac  
  108  8:09  Command Center  
  108  8:12  Marine  
  109  8:13  Marine  
  109  8:15  Marine  
  109  8:17  Refinery, SCV x2  
  109  8:19  Refinery, Missile Turret  
  113  8:20  Missile Turret  
  113  8:23  Supply Depot  
  113  8:25  Supply Depot  
  113  8:33  SCV x2  
  115  8:35  Planetary Fortress  
  115  8:45  SCV  
  116  9:00  Marine x4  
  116  9:01  Medivac x2  
  116  9:02  Terran Infantry Armor Level 2, Terran Infantry Weapons Level 2  
  124  9:03  SCV x2  
  124  9:07  Marauder x2  
  130  9:13  SCV  
  130  9:15  SCV x2  
  133  9:25  SCV  
  133  9:29  Marauder  
  88  9:38  Marine x2  
  88  9:41  Marine x3  
  88  9:43  Medivac x2  
  93  9:50  Marine, Siege Tank  
  97  9:55  Orbital Command  
  97  9:56  Marine x2  
  97  9:59  Marine x2  
  103  10:00  Marauder  
  103  10:08  Marauder  
  103  10:12  Medivac  
  101  10:14  Marine  
  96  10:21  Marine  
  96  10:22  Marine x3  
  100  10:29  Barracks x2, Marauder, Factory  
  100  10:30  Factory  
  100  10:31  SCV x4, Supply Depot  
  100  10:32  Supply Depot  
  100  10:34  Marine  
  107  10:39  Marine  
  107  10:40  Marauder, Marine  
  107  10:41  Marine  
  112  10:51  Marauder  
  112  10:52  Marine  
  115  10:57  Marine, Medivac  
  115  10:58  Marine x2  
  115  11:02  Marauder  
  122  11:10  Marine  
  123  11:12  Marauder  
  125  11:23  Marauder  
  127  11:26  Marine x4  
  127  11:27  Viking  
  127  11:31  Factory Tech Lab x2  
  136  11:33  Marauder  
  136  11:34  Barracks Reactor, Marine  
Show
View Real Time Build Order
Export as new Build Order

batman Zerg 

Build Orders: Hatch First, Roach Hydra 

Get SALT Encoding   

  12  0:00  Drone  
  13  0:12  Overlord  
  13  0:17  Drone  
  14  0:30  Drone x2  
  14  0:34  Drone  
  17  0:54  Drone  
  18  0:58  Drone  
  19  1:08  Hatchery  
  18  1:13  Extractor  
  18  1:14  Spawning Pool  
  18  1:16  Drone  
  17  1:20  Drone  
  18  1:28  Drone  
  19  1:38  Overlord  
  19  1:49  Drone  
  20  2:01  Queen  
  20  2:04  Zergling x2  
  23  2:10  Drone  
  24  2:19  Queen  
  24  2:21  Zergling x2  
  24  2:22  Drone  
  28  2:25  Metabolic Boost  
  28  2:30  Drone  
  28  2:33  Overlord  
  29  2:41  Drone  
  29  2:43  Roach Warren  
  29  2:47  Drone  
  30  2:52  Drone  
  30  2:53  Overlord  
  31  3:02  Drone  
  31  3:04  Drone  
  33  3:10  Drone x3  
  36  3:14  Drone  
  37  3:22  Roach  
  37  3:27  Roach  
  41  3:30  Roach x4  
  49  3:36  Overlord  
  49  3:38  Roach  
  51  3:54  Roach x3  
  57  3:55  Overlord  
  57  4:02  Roach  
  59  4:03  Zergling x2  
  59  4:15  Roach  
  59  4:16  Roach  
  63  4:17  Hatchery  
  63  4:22  Extractor  
  61  4:25  Extractor  
  61  4:26  Extractor  
  59  4:34  Drone  
  59  4:35  Drone  
  59  4:36  Drone x2  
  61  4:50  Overlord x2  
  61  4:51  Overlord  
  61  4:54  Lair  
  61  4:56  Drone x3  
  61  4:57  Drone  
  61  4:58  Drone  
  66  5:03  Drone  
  67  5:23  Drone x2  
  67  5:25  Evolution Chamber  
  67  5:28  Evolution Chamber  
  67  5:29  Queen  
  67  5:31  Drone  
  67  5:32  Drone x6  
  67  5:33  Overlord  
  76  5:54  Overseer  
  76  5:58  Overlord  
  76  5:59  Zerg Missile Weapons Level 1  
  76  6:00  Zerg Ground Armor Level 1  
  76  6:02  Glial Reconstitution  
  76  6:07  Hydralisk Den  
  76  6:08  Drone  
  76  6:09  Drone x6  
  82  6:18  Drone x2  
  82  6:19  Drone  
  85  6:41  Spore Crawler x2  
  85  6:45  Spore Crawler x2  
  81  6:47  Spore Crawler x2  
  79  6:54  Hatchery  
  79  6:55  Drone x2, Extractor  
  79  6:56  Hydralisk x2  
  79  6:57  Hydralisk x2  
  79  6:58  Extractor  
  86  7:01  Muscular Augments  
  86  7:07  Overlord  
  86  7:21  Hydralisk  
  86  7:22  Hydralisk x3  
  94  7:32  Drone  
  94  7:33  Drone x7  
  94  7:36  Extractor  
  101  7:38  Extractor  
  101  7:42  Overseer x3  
  100  7:47  Overseer  
  100  7:58  Hydralisk  
  100  7:59  Hydralisk x5  
  113  8:05  Drone x2  
  113  8:06  Drone x2  
  113  8:10  Queen  
  118  8:13  Grooved Spines  
  118  8:14  Drone  
  118  8:15  Drone  
  118  8:16  Overlord  
  118  8:18  Overlord  
  120  8:21  Overlord  
  120  8:29  Zerg Missile Weapons Level 2  
  120  8:31  Zerg Ground Armor Level 2  
  120  8:34  Overlord  
  120  8:37  Overlord  
  120  9:09  Pneumatized Carapace  
  120  9:18  Hydralisk  
  120  9:19  Hydralisk x13  
  148  9:27  Overlord x2  
  148  9:28  Overlord  
  148  9:36  Hydralisk  
  148  9:37  Hydralisk x3  
  132  9:57  Roach x9  
  136  10:17  Zergling x2  
  136  10:18  Zergling x24  
  149  10:27  Infestation Pit  
  144  10:31  Drone  
  144  10:32  Drone x11  
  144  10:33  Drone  
  132  11:07  Hydralisk x12  
  132  11:08  Hydralisk x2  
  134  11:30  Hydralisk  
  134  11:31  Hydralisk x6  
  148  11:40  Hatchery  
  148  11:42  Extractor  
  148  11:43  Extractor  
Show
View Real Time Build Order
Export as new Build Order

Massa Terran 

Build Orders:  

Get SALT Encoding   

  12  0:07  SCV  
  13  0:18  Supply Depot  
  13  0:19  SCV  
  14  0:31  SCV  
  15  0:42  Barracks  
  15  0:43  SCV  
  16  1:00  SCV  
  17  1:12  SCV  
  18  1:20  Refinery  
  18  1:23  Refinery  
  18  1:24  SCV  
  19  1:36  SCV  
  19  1:39  Supply Depot  
  20  1:45  Marine  
  21  1:48  SCV  
  21  1:51  Supply Depot  
  22  2:00  SCV  
  23  2:12  Marine  
  23  2:13  Barracks  
  24  2:15  Barracks  
  24  2:33  SCV  
  25  2:44  Marine  
  27  2:55  Barracks  
  27  2:57  Orbital Command  
  26  3:01  Marine  
  26  3:02  Marine x2  
  29  3:11  Supply Depot  
  29  3:14  Supply Depot  
  29  3:19  Marine  
  30  3:20  Marine  
  31  3:33  Marine  
  32  3:37  Marine x2  
  34  3:45  Command Center  
  34  3:47  Marine  
  35  3:50  Marine  
  35  3:55  Marine  
  37  3:58  Marine  
  38  4:05  Marine  
  38  4:08  Marine  
  40  4:13  Marine  
  40  4:16  Marine  
  42  4:22  Marine  
  43  4:26  Marine  
  43  4:30  Marine  
  45  4:34  Marine  
  46  4:40  Marine  
  46  4:44  Marine  
  43  4:48  Marine  
  43  4:52  Marine  
  37  4:55  SCV  
  37  4:58  Marine  
  39  5:02  Marine  
  42  5:07  SCV, Factory  
  42  5:09  Marine  
  42  5:16  Marine  
  42  5:19  SCV  
  42  5:20  Marine  
  45  5:21  SCV  
  45  5:27  Marine  
  47  5:32  Supply Depot  
  47  5:33  SCV  
  47  5:34  Marine  
  49  5:41  SCV  
  50  5:47  Orbital Command  
  50  5:49  Marine  
  51  5:50  Marine  
  51  5:51  Marine  
  51  5:53  SCV, Barracks Tech Lab  
  51  5:55  Factory Tech Lab  
  51  5:56  Supply Depot  
  54  6:05  SCV  
  54  6:07  Marine x2  
  54  6:09  Marine  
  58  6:30  SCV x2  
  58  6:31  Siege Tank  
  63  6:35  Barracks Reactor  
  63  6:36  Marauder, Marine x2  
  67  6:42  SCV x2  
  69  6:54  Marine  
  69  6:57  Marauder  
  72  7:01  SCV  
  72  7:02  SCV  
  72  7:03  Siege Tank  
  72  7:05  Refinery  
  72  7:06  Refinery  
  77  7:12  Marine  
  78  7:17  Starport  
  78  7:19  Supply Depot  
  78  7:29  Engineering Bay  
  78  7:30  Engineering Bay  
  78  7:38  Stimpack  
  78  7:41  SCV, Marauder, Marine, Siege Tank  
  86  7:44  Supply Depot  
  86  7:45  Barracks Tech Lab  
  86  7:49  Marine  
  86  7:57  Armory  
  86  7:58  Barracks Reactor  
  86  8:02  Terran Infantry Armor Level 1, Terran Infantry Weapons Level 1  
  86  8:06  Marauder, Medivac  
  86  8:08  Missile Turret, Supply Depot  
  90  8:19  Sensor Tower  
  90  8:27  Marauder  
  90  8:28  Missile Turret  
  92  8:34  Combat Shield  
  92  8:35  Medivac  
  96  8:41  Marauder, Marine x3  
  96  8:42  Marine  
  100  8:49  Marauder, Missile Turret  
  100  8:50  Supply Depot  
  102  8:59  Smart Servos  
  102  9:11  Marauder x2, Marine  
  102  9:12  Supply Depot  
  102  9:13  Supply Depot  
  102  9:15  Missile Turret  
  107  9:33  Thor  
  107  9:35  Missile Turret  
  100  9:49  Marauder x2, Marine  
  100  9:50  Marine x3  
  108  9:53  Concussive Shells  
  102  10:07  Marine  
  102  10:11  Marauder x2  
  63  10:22  Marine x2  
  63  10:23  Marine  
  63  10:25  Marine  
  67  10:31  SCV x2  
  67  10:32  Marauder x2  
  70  10:40  Marine x2  
  72  10:43  SCV  
  72  10:44  Marine, Siege Tank  
  72  10:48  Command Center  
  74  10:53  Marauder  
  74  10:54  Marauder  
  78  10:58  Marine  
  77  11:15  Marauder x2  
  77  11:18  Marine x2  
  50  11:25  Siege Tank  
  47  11:36  Marauder  
  51  11:48  Barracks  
Show
View Real Time Build Order
Export as new Build Order

qqq Zerg 

Build Orders: Hatch First 

Get SALT Encoding   

  12  0:03  Drone  
  13  0:09  Drone  
  14  0:36  Hatchery  
  13  0:51  Spawning Pool  
  12  1:11  Overlord  
  12  1:12  Drone x2  
  12  1:14  Extractor  
  13  1:23  Drone  
  14  1:38  Drone  
  14  1:39  Queen  
  17  1:50  Drone  
  18  1:57  Drone, Zergling x2  
  20  2:02  Drone  
  21  2:08  Zergling x2  
  22  2:17  Queen  
  22  2:20  Metabolic Boost  
  24  2:31  Zergling x2  
  24  2:32  Zergling x2  
  24  2:34  Overlord  
  26  2:39  Zergling x2  
  26  2:41  Drone  
  28  2:49  Baneling Nest  
  27  2:52  Drone  
  28  3:03  Drone, Zergling x2  
  28  3:04  Zergling x2  
  31  3:06  Zergling x2  
  32  3:13  Overlord  
  32  3:18  Zergling x2  
  33  3:21  Zergling x2  
  33  3:23  Drone  
  35  3:31  Zergling x2  
  35  3:33  Zergling x4  
  38  3:38  Drone  
  39  3:42  Zergling x4  
  41  3:50  Baneling  
  41  3:51  Baneling x5  
  41  3:54  Zergling x2  
  42  3:58  Drone  
  42  4:00  Drone  
  44  4:20  Overlord x2  
  44  4:21  Overlord  
  44  4:28  Roach Warren  
  37  4:44  Zergling x6  
  37  4:45  Drone, Zergling x6  
  33  4:46  Drone  
  35  5:06  Zergling x4  
  37  5:07  Drone  
  37  5:08  Zergling x2  
  37  5:11  Lair  
  39  5:21  Zergling x2  
  39  5:24  Drone  
  39  5:28  Hatchery  
  40  5:30  Zergling x4  
  42  5:37  Roach  
  42  5:38  Roach  
  42  5:39  Roach  
  48  5:43  Roach  
  50  5:51  Zergling x4  
  50  5:54  Drone  
  53  6:08  Zergling x2  
  53  6:10  Zergling x2  
  55  6:13  Drone  
  55  6:14  Zergling x2  
  55  6:15  Zergling x4  
  59  6:32  Roach  
  61  6:33  Drone  
  61  6:34  Roach x2  
  61  6:38  Glial Reconstitution  
  66  6:44  Evolution Chamber  
  66  6:46  Drone x2  
  66  6:47  Infestation Pit  
  66  6:49  Drone x2  
  68  6:55  Roach  
  68  6:56  Roach x2  
  74  7:05  Overlord  
  74  7:15  Extractor, Drone  
  73  7:18  Extractor, Drone  
  73  7:19  Extractor  
  73  7:20  Drone  
  73  7:22  Queen  
  74  7:26  Overlord  
  76  7:33  Drone x4  
  80  7:40  Overlord  
  80  7:42  Drone, Overlord  
  80  7:43  Drone  
  82  7:51  Drone x3  
  84  7:56  Drone  
  84  7:57  Drone  
  87  8:03  Zergling x2, Overlord  
  87  8:04  Zergling x2  
  89  8:08  Drone  
  90  8:13  Queen  
  90  8:19  Spore Crawler  
  91  8:22  Spore Crawler  
  91  8:25  Spore Crawler  
  91  8:26  Drone  
  90  8:27  Drone  
  90  8:28  Drone x2, Spore Crawler  
  90  8:29  Drone x2  
  94  8:34  Zergling x4  
  94  8:35  Zergling x4  
  94  8:37  Roach  
  100  8:46  Hive  
  100  8:48  Zerg Melee Weapons Level 1  
  100  8:52  Roach x3  
  107  8:55  Ravager x3  
  107  8:56  Ravager  
  107  8:57  Ravager x2  
  107  8:58  Ravager  
  107  9:00  Drone  
  114  9:08  Overlord x2  
  114  9:11  Overlord  
  77  9:51  Roach  
  77  9:52  Roach x7  
  95  9:53  Roach x3  
  99  10:04  Drone x3  
  99  10:05  Drone x3  
  99  10:06  Ultralisk Cavern  
  89  10:39  Overlord x2, Roach x3  
  89  10:40  Drone x3  
  89  11:05  Ultralisk  
  89  11:06  Zergling x2, Ultralisk x2  
  89  11:07  Zergling x2  
  89  11:08  Drone, Zergling x2  
  84  11:21  Hatchery  
  84  11:23  Hatchery  
  84  11:24  Zergling x6  
  76  11:26  Zergling x4  
Tags
 
Add a new tag
Caveats
  • Supply blocks, unpowered buildings, or Contaminate may cause inaccurate times.
  • Supply counts are checked every 10 seconds.